 Dungeon Sprint DCSS version 0.30-a0-39-g42789b21ef (webtiles) character file.

Game seed: 17825666734387447664

6 mhtbhm the Digger (level 1, -3/10 HPs)
             Began as a Deep Elf Earth Elementalist on Aug 28, 2022.
             Slain by an iguana (13 damage)
             ... in the Dungeon (Sprint IX: "|||||||||||||||||||||||||||||").
             The game lasted 00:00:17 (100 turns).

mhtbhm the Digger (Deep Elf Earth Elementalist)      Turns: 100, Time: 00:00:17

Health: -3/10      AC:  2    Str:  5    XL:     1   Next: 75%
Magic:  4/7        EV: 13    Int: 19    God:
Gold:   0          SH:  0    Dex: 15    Spells: 6/7 levels left

rFire   . . .      SeeInvis .    (no weapon)
rCold   . . .      Faith    .    (no shield)
rNeg    . . .      Spirit   .    a - +0 robe
rPois   .          Reflect  .    (no helmet)
rElec   .          Harm     .    (no cloak)
rCorr   .          Rampage  .    (no gloves)
Will    .....      NoTele   +    (no boots)
Stlth   ++........               (no amulet)
HPRegen 0.03/turn                (no ring)
MPRegen 0.10/turn                (no ring)

@: no status effects
A: no striking features
a: no special abilities


You were in the Dungeon.
You visited 1 branch

Inventory:

Armour
 a - a +0 robe (worn)
Scrolls
 g - a scroll of blinking
Potions
 b - 3 potions of magic
 c - a potion of curing
 e - a potion of haste
 f - a potion of berserk rage


   Skills:
 + Level 3.0 Dodging
 + Level 2.5 Stealth
 + Level 3.6 Spellcasting
 + Level 1.1 Transmutations
 + Level 4.4 Earth Magic


You had 6 spell levels left.
You knew the following spells:

 Your Spells              Type           Power      Damage    Failure   Level
a - Sandblast             Erth           40%        2d10      2%          1

Your spell library contained the following spells:

 Spells                   Type           Power      Damage    Failure   Level
 Passwall                 Tmut/Erth      11%        N/A       7%          2
 Stone Arrow              Conj/Erth      24%        3d8       17%         3
 Petrify                  Tmut/Erth      14%        N/A       41%         4


Dungeon Overview and Level Annotations

Branches:
Dungeon (1/1)

Altars:


Message History

Aim: a quokka (almost dead, 76% to hit)
The blast of sand hits the quokka!
You kill the quokka!
The iguana hisses angrily.
The adder hisses angrily.
Your Dodging skill increases to level 3!
You close the door.
You start resting.
Magic restored.
Okay, then.
You open the door.
The jelly jiggles.
Casting: Sandblast (safe; 2% risk of failure)
Confirm with . or Enter, or press ? or * to list all spells.
Aiming: Sandblast (safe; 2% risk of failure)
Press: ? - help, Shift-Dir - straight line, f - iguana
Aim: an iguana (85% to hit)
The blast of sand hits the iguana.
The iguana is lightly wounded.
The iguana barely misses you. The iguana bites you.
Ouch! That really hurt!
Casting: Sandblast (safe; 2% risk of failure)
Confirm with . or Enter, or press ? or * to list all spells.
Aiming: Sandblast (safe; 2% risk of failure)
Press: ? - help, Shift-Dir - straight line, f/p - iguana
Aim: an iguana (lightly wounded, 85% to hit)
The blast of sand hits the iguana but does no damage.
The iguana is lightly wounded.
The iguana barely misses you.
Unknown command.
You feel much better. The iguana barely misses you.
Casting: Sandblast (safe; 2% risk of failure)
Confirm with . or Enter, or press ? or * to list all spells.
Aiming: Sandblast (safe; 2% risk of failure)
Press: ? - help, Shift-Dir - straight line, f/p - iguana
Aim: an iguana (lightly wounded, 85% to hit)
The blast of sand hits the iguana.
The iguana is moderately wounded.
The iguana barely misses you. The iguana bites you!
Ouch! That really hurt!
You die...

▓.▓
▓.▓
▓.▓
▓'▓
▓)▓
▓.▓
▓.▓
▓.▓
▓@▓
▓l▓
▓J▓
▓S▓
▓s▓
▓.▓
▓.▓
▓+▓


You could see a scorpion, an iguana, a jelly and an adder.

Vanquished Creatures
  2 endoplasms (D)
  A quokka (D)
  A kobold (D)
  2 rats (D)
6 creatures vanquished.

Notes
Turn   | Place    | Note
-------+----------+-------------------------------------------
     0 | D        | mhtbhm the Deep Elf Earth Elementalist began the quest for
                  | the Orb.
     0 | D        | Reached XP level 1. HP: 10/10 MP: 6/6
    26 | D        | Reached skill level 4 in Earth Magic
    76 | D        | Noticed an iguana
    76 | D        | Noticed a jelly
    76 | D        | Noticed a scorpion
   100 | D        | Slain by an iguana

Illustrated notes

Levels and vault maps discovered:
D:        linesprint [early_d, line_temple, items_1, d_10, items_2, lair_1,
          lair_end, items_3, orc_1, orc_end, items_4, d_15, swamp_1, shoals_1,
          snake_1, spider_1, d_20, vaults_1, items_5, swamp_end, shoals_end,
          snake_end, spider_end, vaults_end, d_27, items_6, zot_1, zot_end,
          crypt_end, forest_end, elf_end, slime_end, tomb_end, abyss_end,
          pan_hell_end]

Skill      XL: |  1 |
---------------+----+-----
Earth Magic    | 4 |  4.4
Dodging        | 3 |  3.0
Stealth        | |  2.5
Spellcasting   | |  3.6
Transmutations | |  1.1

Action                   || total
-------------------------++-------
 Cast: Sandblast         ||    10
  Use: Potion            ||     1
Armor: Robe              ||     1
Dodge: Dodged            ||     4

Table legend: (Time is in decaauts)
 A = Elapsed time spent in this place.
 B = Non-inter-level travel time spent in this place.
 C = Inter-level travel time spent in this place.
 D = Time resting spent in this place.
 E = Time spent auto-exploring this place.
 F = Levels seen in this place.
 G = Mean time per level.
                   A        B        C        D        E       F      G
               +--------+--------+--------+--------+--------+-----+--------+
         Total |    104 |    104 |      0 |     74 |      3 |   1 |  104.0 |
       Dungeon |    104 |    104 |      0 |     74 |      3 |   1 |  104.0 |
               +--------+--------+--------+--------+--------+-----+--------+

Top non-repeatable levels by time:
       D: 104 daAuts
